[Event "ICC tourney 2350 (60 10)"]
[Site "Internet Chess Club"]
[Date "2021.01.31"]
[Round "5"]
[White "mistermath314"]
[Black "Markss1420"]
[Result "1-0"]
[ICCResult "Black resigns"]
[WhiteElo "1972"]
[BlackElo "2090"]
[Opening "Queen's pawn: Keres defense"]
[ECO "A40"]
[NIC "QO.17"]
[Time "13:00:19"]
[PlyCount "63"]
[TimeControl "3600+10"]

1. d4 e6 2. c4 b6 3. Nc3 Bb4 4. Nf3 Bb7 5. Bg5 f6 6. Bh4 Ne7 7. e3 Nf5 8.
Bg3 Nxg3 9. hxg3 Bxc3+ 10. bxc3 Qe7 11. Bd3 f5 12. Ne5 Qa3 13. Kd2 Qb2+ 14.
Bc2 Nc6 15. Qh5+ g6 16. Nxg6 O-O-O 17. Nxh8 Na5 18. Qe2 Be4 19. Rac1 d5 20.
cxd5 exd5 21. Nf7 Nc4+ 22. Kd1 Qxc3 23. Bxe4 Nb2+ 24. Qxb2 Qxb2 25. Bxf5+
Kb8 26. Nxd8 Qxf2 27. Nc6+ Ka8 28. Bd3 Qxe3 29. Rc3 Qxg3 30. Rxh7 Qg4+ 31.
Kc2 Qxg2+ 32. Kb3 { Black resigns } 1-0

[Event "ICC tourney 2350 (60 10)"]
[Site "Internet Chess Club"]
[Date "2021.01.31"]
[Round "5"]
[White "rrr73"]
[Black "leavenotrace"]
[Result "0-1"]
[ICCResult "White resigns"]
[WhiteElo "1488"]
[BlackElo "1614"]
[Opening "Sicilian: accelerated fianchetto, modern variation"]
[ECO "B34"]
[NIC "SI.33"]
[Time "13:00:15"]
[PlyCount "130"]
[TimeControl "3600+10"]

1. e4 c5 2. Nf3 Nc6 3. d4 cxd4 4. Nxd4 g6 5. Nc3 Bg7 6. Be3 Nf6 7. f3 O-O
8. Qd2 d5 9. Nxc6 bxc6 10. e5 Nd7 11. f4 Nb6 12. O-O-O Be6 13. Kb1 Qc7 14.
h4 c5 15. Nb5 Qc6 16. h5 a6 17. Na3 d4 18. Bf2 Rab8 19. hxg6 fxg6 20. Ka1
Na4 21. b3 Nc3 22. Re1 a5 23. Bc4 a4 24. Bxd4 cxd4 25. Qxd4 Nd5 26. g3 axb3
27. cxb3 Nb4 28. Rc1 Rfd8 29. Qe3 Bxc4 30. Nxc4 Qa6 31. Qe2 Nd3 32. Rcd1
Rxb3 33. Qc2 Rb4 34. Rxd3 Rxd3 35. Qxd3 Qxc4 36. Qxc4+ Rxc4 37. Kb2 Ra4 38.
Kb3 Ra6 39. a4 e6 40. Ra1 Bf8 41. Kc4 Ra5 42. Kb3 Kf7 43. Rc1 Bc5 44. Rh1
Kg7 45. Rd1 h5 46. Rd7+ Kh6 47. Rc7 Bf2 48. Rc6 Bxg3 49. Rxe6 Bxf4 50. Re8
Rxe5 51. Ra8 Be3 52. a5 h4 53. a6 Ra5 54. Kb4 Ra1 55. Kb5 Kg5 56. Kc6 h3
57. Kb7 Kg4 58. Rg8 g5 59. Re8 Ra3 60. Rh8 Kg3 61. Rh5 h2 62. a7 Rxa7+ 63.
Kc6 Kg2 64. Kb5 h1=Q 65. Rh8 Qxh8 { White resigns } 0-1

[Event "ICC tourney 2350 (60 10)"]
[Site "Internet Chess Club"]
[Date "2021.01.31"]
[Round "5"]
[White "Gadus-morhua"]
[Black "saisneha"]
[Result "1-0"]
[ICCResult "Black resigns"]
[WhiteElo "2136"]
[BlackElo "1927"]
[Opening "Nimzo-Indian: Reshevsky variation"]
[ECO "E46"]
[NIC "NI.10"]
[Time "13:00:17"]
[PlyCount "87"]
[TimeControl "3600+10"]

1. d4 Nf6 2. c4 e6 3. Nc3 Bb4 4. e3 O-O 5. Ne2 d5 6. a3 Bxc3+ 7. Nxc3 b6 8.
cxd5 exd5 9. Bd3 Bb7 10. O-O Re8 11. Qc2 c5 12. b3 Nc6 13. dxc5 bxc5 14.
Na4 c4 15. bxc4 dxc4 16. Bxc4 Ne5 17. Rd1 Qc8 18. Rd4 Qc6 19. f3 Rac8 20.
Nb2 Ba6 21. Bd2 Bxc4 22. f4 Bb5 23. Qf5 Neg4 24. Rc1 Qb6 25. Rxc8 Rxc8 26.
Qxc8+ Be8 27. Rd8 h6 28. h3 Qxb2 29. hxg4 Kh7 30. Bc3 Qb1+ 31. Kh2 Qg6 32.
Bxf6 Qxf6 33. Qf5+ Qxf5 34. gxf5 Ba4 35. Ra8 Bc2 36. Rxa7 Bxf5 37. Rxf7 Bd3
38. a4 Kg6 39. Rf8 Kh7 40. a5 Kg6 41. Kg3 Bb5 42. Rb8 Bd3 43. a6 Kf7 44. a7
{ Black resigns } 1-0

[Event "ICC tourney 2350 (60 10)"]
[Site "Internet Chess Club"]
[Date "2021.01.31"]
[Round "5"]
[White "HPenguin"]
[Black "AveryLucasNY"]
[Result "0-1"]
[ICCResult "White checkmated"]
[WhiteElo "1819"]
[BlackElo "2014"]
[Opening "Caro-Kann: Tartakower (fantasy) variation"]
[ECO "B12"]
[NIC "CK.02"]
[Time "13:00:23"]
[PlyCount "66"]
[TimeControl "3600+10"]

1. e4 c6 2. d4 d5 3. f3 dxe4 4. fxe4 e5 5. Nf3 Bg4 6. Bc4 Nd7 7. O-O Ngf6
8. c3 Bd6 9. Qb3 O-O 10. Bg5 Qc7 11. Nbd2 b5 12. Bd3 Rab8 13. h3 Bxf3 14.
Nxf3 c5 15. dxc5 Bxc5+ 16. Kh2 h6 17. Bxf6 Nxf6 18. Rad1 Kh8 19. Nh4 Qc6
20. Qc2 Rbd8 21. Nf5 Nh5 22. Qe2 Nf4 23. Qf3 Rd7 24. Qg3 Qg6 25. Qxg6 fxg6
26. Nh4 Rfd8 27. Bc2 Rd2 28. Bb3 g5 29. Rxd2 Rxd2 30. Nf3 Rxg2+ 31. Kh1 Rg3
32. Ng1 Bxg1 33. Rxg1 Rxh3# { White checkmated } 0-1

[Event "ICC tourney 2350 (60 10)"]
[Site "Internet Chess Club"]
[Date "2021.01.31"]
[Round "5"]
[White "tcao"]
[Black "dlevkov"]
[Result "1-0"]
[ICCResult "Black checkmated"]
[WhiteElo "2056"]
[BlackElo "2159"]
[Opening "Sicilian: dragon, classical, 8.O-O"]
[ECO "B73"]
[NIC "SI.15"]
[Time "13:00:53"]
[PlyCount "143"]
[TimeControl "3600+10"]

1. e4 c5 2. Nf3 d6 3. d4 cxd4 4. Nxd4 Nf6 5. Nc3 g6 6. Be2 Bg7 7. O-O Nc6
8. Be3 O-O 9. f4 Qb6 10. Na4 Qa5 11. Nc3 Qb4 12. a3 Qb6 13. Na4 Qa5 14. Nc3
Qb6 15. Na4 Qc7 16. Nc3 a6 17. h3 Na5 18. g4 b5 19. g5 Ne8 20. Nd5 Qb7 21.
h4 Nc4 22. Bxc4 bxc4 23. h5 e6 24. Nc3 e5 25. h6 Bh8 26. fxe5 Bxe5 27. Rb1
Qd7 28. Qf3 Nc7 29. Rbd1 Rb8 30. Bf4 Qg4+ 31. Qxg4 Bxg4 32. Rd2 Rxb2 33.
Bxe5 dxe5 34. Nc6 Re8 35. Rdf2 Bh3 36. Rd1 Rb6 37. Rd6 Kf8 38. Rdf6 Be6 39.
Nxe5 Kg8 40. Nxf7 Nb5 41. Nxb5 axb5 42. e5 Rbb8 43. Nd6 Re7 44. Nxb5 Bf5
45. Nd4 Rxe5 46. Nc6 Re1+ 47. Kh2 Rbb1 48. Nd4 Rh1+ 49. Kg3 Rh3+ 50. Kf4
Rh4+ 51. Ke5 Re4+ 52. Kd5 Rd1 53. c3 Rexd4+ 54. cxd4 c3 55. Rc6 c2 56.
Rcxc2 Bxc2 57. Rxc2 Rg1 58. Rc8+ Kf7 59. Rc7+ Kg8 60. Ke6 Re1+ 61. Kd6 Rg1
62. d5 Rxg5 63. Ke6 Rf5 64. Rg7+ Kh8 65. d6 Rf8 66. d7 g5 67. Ke7 Ra8 68.
d8=Q+ Rxd8 69. Kxd8 g4 70. Ke7 g3 71. Kf7 g2 72. Rg8# { Black checkmated }
1-0

[Event "ICC tourney 2350 (60 10)"]
[Site "Internet Chess Club"]
[Date "2021.01.31"]
[Round "5"]
[White "LeonardoLiu2005"]
[Black "weijie123"]
[Result "1-0"]
[ICCResult "Black resigns"]
[WhiteElo "2007"]
[BlackElo "2091"]
[Opening "Robatsch (modern) defense"]
[ECO "B06"]
[NIC "KF.06"]
[Time "13:00:14"]
[PlyCount "65"]
[TimeControl "3600+10"]

1. e4 g6 2. Nc3 Bg7 3. g3 d6 4. Bg2 Nf6 5. d3 O-O 6. Nge2 e5 7. O-O Nc6 8.
f4 exf4 9. gxf4 Nh5 10. Ng3 Bd4+ 11. Kh1 Qh4 12. Nxh5 Bg4 13. Qe1 Qxh5 14.
Be3 Rae8 15. Qf2 Bxe3 16. Qxe3 f5 17. Rae1 fxe4 18. dxe4 Be6 19. Ne2 Qh6
20. Ng3 Bh3 21. Qb3+ Rf7 22. Bxh3 Qxh3 23. f5 Ne5 24. fxg6 hxg6 25. Rxf7
Nxf7 26. Rf1 Re7 27. Qxb7 Ne5 28. Qd5+ Kg7 29. Qa8 Qe6 30. Qf8+ Kh7 31. Rf4
g5 32. Rf6 Rf7 33. Qh6+ { Black resigns } 1-0

[Event "ICC tourney 2350 (60 10)"]
[Site "Internet Chess Club"]
[Date "2021.01.31"]
[Round "5"]
[White "elMo17"]
[Black "Yolobear"]
[Result "1/2-1/2"]
[ICCResult "Game drawn by mutual agreement"]
[WhiteElo "1786"]
[BlackElo "1827"]
[Opening "Modern defense"]
[ECO "A40"]
[NIC "QO.17"]
[Time "13:00:15"]
[PlyCount "91"]
[TimeControl "3600+10"]

1. d4 g6 2. Nf3 Bg7 3. e3 d6 4. Be2 Nd7 5. O-O Ngf6 6. b3 O-O 7. Bb2 b6 8.
c4 c5 9. Nc3 Bb7 10. Qc2 Rc8 11. d5 Ne5 12. Nd2 e6 13. e4 exd5 14. exd5 Re8
15. h3 a6 16. Rab1 Rc7 17. f4 Ned7 18. Rf3 Nh5 19. Nde4 Ndf6 20. Bd3 Nxe4
21. Nxe4 Bxb2 22. Qxb2 f5 23. Ng3 Nxg3 24. Rxg3 Bc8 25. Rf1 Kf7 26. h4 h5
27. Be2 Qxh4 28. Rh3 Qf6 29. Qxf6+ Kxf6 30. Bd3 Rce7 31. Kf2 Bd7 32. Rb1 b5
33. Rg3 h4 34. Rh3 g5 35. fxg5+ Kxg5 36. Rbh1 Rh8 37. g3 Reh7 38. Kf3 b4
39. Rxh4 Rxh4 40. Rxh4 Re8 41. Rh7 Bc8 42. Rc7 Kf6 43. Kf4 Rg8 44. Rc6 Rd8
45. Rc7 Bd7 46. Ra7 { Game drawn by mutual agreement } 1/2-1/2

[Event "ICC tourney 2350 (60 10)"]
[Site "Internet Chess Club"]
[Date "2021.01.31"]
[Round "5"]
[White "xcelswimmer"]
[Black "jx4"]
[Result "0-1"]
[ICCResult "White resigns"]
[WhiteElo "1937"]
[BlackElo "2213"]
[Opening "QGD Slav: exchange variation"]
[ECO "D13"]
[NIC "SL.02"]
[Time "13:00:24"]
[PlyCount "130"]
[TimeControl "3600+10"]

1. d4 d5 2. c4 c6 3. Nf3 Nf6 4. cxd5 cxd5 5. Nc3 a6 6. Bf4 Nc6 7. e3 Bg4 8.
Be2 e6 9. Qb3 Ra7 10. O-O Be7 11. Na4 Nd7 12. Rac1 O-O 13. h3 Bh5 14. Rc3
f6 15. Nc5 Nxc5 16. dxc5 e5 17. Bg3 e4 18. Ng5 Bxe2 19. Ne6 Qc8 20. Nxf8
Bxf1 21. Kxf1 Kxf8 22. Qxd5 Qd8 23. Bd6 Bxd6 24. cxd6 Qd7 25. Qxe4 Qxd6 26.
Rd3 Qc5 27. Qxh7 Qc1+ 28. Ke2 Qc2+ 29. Ke1 Qb1+ 30. Ke2 Qxb2+ 31. Rd2 Qb5+
32. Ke1 b6 33. a4 Qa5 34. Qh8+ Kf7 35. Qh4 Rd7 36. Qc4+ Kf8 37. Qc2 Qxd2+
38. Qxd2 Rxd2 39. Kxd2 Ke7 40. f4 Kd6 41. g4 Kd5 42. Kd3 Nb4+ 43. Kc3 Nc6
44. Kd3 b5 45. axb5 axb5 46. g5 fxg5 47. fxg5 Ne5+ 48. Kc3 Nf3 49. Kb4 Nxg5
50. h4 Nf3 51. h5 Ke4 52. Kxb5 Kxe3 53. Kc5 Kf4 54. Kd5 Kg5 55. Ke4 Nh4 56.
h6 Kxh6 57. Kf4 Kh5 58. Kg3 g5 59. Kh3 Nf5 60. Kh2 Kg4 61. Kg2 Nd4 62. Kf2
Kh3 63. Kf1 Kh2 64. Kf2 g4 65. Ke3 g3 { White resigns } 0-1

[Event "ICC tourney 2350 (60 10)"]
[Site "Internet Chess Club"]
[Date "2021.01.31"]
[Round "5"]
[White "MCTS13"]
[Black "justinchess"]
[Result "0-1"]
[ICCResult "White resigns"]
[WhiteElo "2195"]
[BlackElo "2361"]
[Opening "Scandinavian (center counter) defense"]
[ECO "B01"]
[NIC "SD.01"]
[Time "13:00:19"]
[PlyCount "142"]
[TimeControl "3600+10"]

1. e4 d5 2. exd5 Qxd5 3. Nc3 Qa5 4. d4 Nf6 5. Nf3 c6 6. Bc4 Bg4 7. h3 Bxf3
8. Qxf3 e6 9. O-O Nbd7 10. Bf4 Be7 11. Rad1 O-O 12. Rfe1 Rad8 13. g4 Rfe8
14. g5 Nd5 15. Nxd5 exd5 16. Bd3 Bf8 17. Rxe8 Rxe8 18. Bd2 Qd8 19. h4 Bd6
20. h5 Nf8 21. Kg2 Qd7 22. Rh1 g6 23. c3 Ne6 24. Kf1 Ng7 25. h6 Ne6 26. Qg4
Nc5 27. Qxd7 Nxd7 28. Rh3 f5 29. gxf6 Nxf6 30. Bg5 Ne4 31. Re3 Kf7 32. Bxe4
Rxe4 33. Rf3+ Kg8 34. Re3 Rxe3 35. Bxe3 Kf7 36. Kg2 Kf6 37. a4 Kf5 38. f3
Bf4 39. Bf2 Bxh6 40. b3 Bf4 41. c4 h5 42. cxd5 cxd5 43. b4 a6 44. b5 axb5
45. axb5 Bd6 46. Be3 Be7 47. Kh3 Bd8 48. Kg2 g5 49. Kh3 Bf6 50. Kg2 g4 51.
Bg1 h4 52. fxg4+ Kxg4 53. Be3 Bg5 54. Bf2 h3+ 55. Kh1 Kf3 56. Be1 Bf4 57.
Bb4 Ke4 58. Bc5 Kd3 59. b6 Kc4 60. Kg1 Be3+ 61. Kh2 Bxd4 62. Bd6 Bxb6 63.
Kxh3 Kd3 64. Kg3 Ke2 65. Kf4 d4 66. Kf5 d3 67. Bb4 Bc5 68. Bc3 d2 69. Bxd2
Kxd2 70. Ke5 Kc3 71. Kd5 Kb4 { White resigns } 0-1

[Event "ICC tourney 2350 (60 10)"]
[Site "Internet Chess Club"]
[Date "2021.01.31"]
[Round "5"]
[White "geowhiz27"]
[Black "yankeethanchess"]
[Result "1-0"]
[ICCResult "Black resigns"]
[WhiteElo "1667"]
[BlackElo "1723"]
[Opening "Sicilian defense"]
[ECO "B40"]
[NIC "SI.43"]
[Time "13:00:13"]
[PlyCount "97"]
[TimeControl "3600+10"]

1. e4 c5 2. Nf3 e6 3. c3 d5 4. exd5 Qxd5 5. d4 Nf6 6. Na3 Nc6 7. Nb5 Qd8 8.
dxc5 Bxc5 9. Bf4 Nd5 10. Bg3 O-O 11. Bc4 Nb6 12. Bb3 a6 13. Nbd4 Nxd4 14.
Nxd4 Qf6 15. Nf3 Bd7 16. Bh4 Qg6 17. Bc2 Qh5 18. b4 Bxb4 19. cxb4 Bc6 20.
Bg3 Rfd8 21. Qe2 Rac8 22. Be4 Bb5 23. Qe3 Rc4 24. O-O Na4 25. Rfd1 Re8 26.
a3 Nc3 27. Bd3 Nxd1 28. Rxd1 Rcc8 29. Bxb5 Qxb5 30. h3 h6 31. Qe5 Qxe5 32.
Bxe5 Red8 33. Rxd8+ Rxd8 34. a4 Rd1+ 35. Kh2 Rb1 36. Bd6 b6 37. a5 bxa5 38.
bxa5 Rb5 39. Bc7 Kf8 40. Nd4 Rd5 41. Bb6 Ke8 42. Nc6 Rb5 43. Nb8 Rxb6 44.
axb6 Kd8 45. Nxa6 Kc8 46. Nc5 Kb8 47. Kg3 h5 48. Kh4 g6 49. Kg5 { Black
resigns } 1-0

[Event "ICC tourney 2350 (60 10)"]
[Site "Internet Chess Club"]
[Date "2021.01.31"]
[Round "5"]
[White "BinghuiDu"]
[Black "Curvedrain"]
[Result "0-1"]
[ICCResult "White checkmated"]
[WhiteElo "1925"]
[BlackElo "1923"]
[Opening "French: exchange variation"]
[ECO "C01"]
[NIC "FR.01"]
[Time "13:01:53"]
[PlyCount "150"]
[TimeControl "3600+10"]

1. e4 e6 2. d4 d5 3. exd5 exd5 4. Bd3 Nf6 5. Ne2 Bg4 6. f3 Bh5 7. Bg5 Be7
8. c3 Nbd7 9. Qc2 Bg6 10. Nd2 b6 11. O-O c5 12. Bxg6 hxg6 13. Nf4 O-O 14.
Rfe1 Re8 15. Nf1 Qc7 16. Ne3 Qc6 17. Re2 Bd6 18. Rae1 Nh7 19. Nh3 Nxg5 20.
Nxg5 Bf4 21. Nh3 Bxe3+ 22. Rxe3 Rxe3 23. Rxe3 cxd4 24. Rd3 dxc3 25. Rxc3
Qf6 26. Rc7 Nc5 27. Qe2 Kf8 28. f4 d4 29. Ng5 Qd6 30. Rxf7+ Kg8 31. Qc4 Ne6
32. Nxe6 Kxf7 33. Nc7+ Ke7 34. Nxa8 d3 35. Nc7 d2 36. Nd5+ Kd7 37. Qb5+ Ke6
38. Qe2+ Kxd5 39. Qxd2+ Kc5 40. Qxd6+ Kxd6 41. Kf2 Kd5 42. Ke3 Kc4 43. g4
a5 44. f5 g5 45. Ke4 a4 46. Ke3 b5 47. Ke4 b4 48. Ke5 Kd3 49. Ke6 Kc2 50.
Kf7 Kxb2 51. Kxg7 Kxa2 52. f6 b3 53. f7 b2 54. f8=Q b1=Q 55. Qf2+ Qb2+ 56.
Qxb2+ Kxb2 57. Kg6 a3 58. Kxg5 a2 59. Kh6 a1=Q 60. g5 Qh1 61. g6 Qxh2+ 62.
Kg7 Kc3 63. Kf7 Qc7+ 64. Kg8 Qd8+ 65. Kh7 Kd4 66. g7 Qh4+ 67. Kg6 Qe4+ 68.
Kf7 Qf5+ 69. Ke8 Qg6+ 70. Kf8 Qf6+ 71. Kg8 Ke5 72. Kh7 Qf7 73. Kh8 Qh5+ 74.
Kg8 Kf6 75. Kf8 Qf7# { White checkmated } 0-1

[Event "ICC tourney 2350 (60 10)"]
[Site "Internet Chess Club"]
[Date "2021.01.31"]
[Round "5"]
[White "harrislencz"]
[Black "CaptainD17"]
[Result "0-1"]
[ICCResult "White checkmated"]
[WhiteElo "1899"]
[BlackElo "1706"]
[Opening "Sicilian: Najdorf, Adams attack"]
[ECO "B90"]
[NIC "SI.14"]
[Time "13:00:21"]
[PlyCount "80"]
[TimeControl "3600+10"]

1. e4 c5 2. Nf3 d6 3. d4 cxd4 4. Nxd4 Nf6 5. Nc3 a6 6. h3 e5 7. Nde2 Be6 8.
g4 Be7 9. Bg2 b5 10. Be3 O-O 11. O-O Nbd7 12. f4 Rc8 13. Ng3 Nb6 14. g5
Nfd7 15. h4 Nc4 16. Bc1 exf4 17. Rxf4 Nde5 18. Nf5 Ng6 19. Rg4 Nce5 20. Rg3
d5 21. h5 Bc5+ 22. Kh1 Ne7 23. Nxe7+ Qxe7 24. exd5 Bf2 25. dxe6 Bxg3 26.
exf7+ Rxf7 27. Bd5 Rd8 28. Bxf7+ Nxf7 29. Qg1 Bc7 30. Qe3 Qd6 31. Qf2 Qc6+
32. Qg2 Qc4 33. Be3 Qh4+ 34. Kg1 Ne5 35. Rd1 Rxd1+ 36. Nxd1 Qe1+ 37. Qf1
Nf3+ 38. Kg2 Nh4+ 39. Kg1 Qg3+ 40. Kh1 Qh2# { White checkmated } 0-1

[Event "ICC tourney 2350 (60 10)"]
[Site "Internet Chess Club"]
[Date "2021.01.31"]
[Round "5"]
[White "chessisthebest1"]
[Black "cdong13"]
[Result "1-0"]
[ICCResult "Black resigns"]
[WhiteElo "1812"]
[BlackElo "1676"]
[Opening "French: Winawer, Alekhine gambit"]
[ECO "C15"]
[NIC "FR.08"]
[Time "13:00:24"]
[PlyCount "151"]
[TimeControl "3600+10"]

1. e4 e6 2. d4 d5 3. Nc3 Bb4 4. Ne2 dxe4 5. a3 Bxc3+ 6. Nxc3 f5 7. f3 exf3
8. Qxf3 Nf6 9. Bf4 O-O 10. O-O-O c6 11. Bc4 Nd5 12. Rhe1 Re8 13. Kb1 Nd7
14. Bb3 b5 15. Re2 Ba6 16. Nxd5 exd5 17. Rde1 Rxe2 18. Qxe2 Qf6 19. Qe6+
Qxe6 20. Rxe6 Nb6 21. Rxc6 Rc8 22. Re6 Kf7 23. Re5 Bb7 24. Rxf5+ Kg6 25.
Re5 Rf8 26. g3 Kf6 27. c3 h6 28. h4 Nc4 29. Re2 Bc8 30. Bc2 a5 31. a4 bxa4
32. Bxa4 Bf5+ 33. Kc1 Be4 34. b3 Nb6 35. Bb5 Rc8 36. Kb2 Kf5 37. Rf2 Kg6
38. Bd6 a4 39. Bc5 axb3 40. Kxb3 Na8 41. Rf8 Rxf8 42. Bxf8 Nc7 43. Be2 Ne6
44. Bd6 Kf5 45. Be5 g5 46. hxg5 hxg5 47. c4 Bg2 48. Kc3 Bh1 49. Bd6 Ke4 50.
Bd3+ Ke3 51. Be5 Be4 52. Bf1 g4 53. c5 Kf2 54. Bb5 Nd8 55. c6 Nf7 56. Bf4
Bf5 57. c7 Nh8 58. Be8 Kf3 59. Be5 Bc8 60. Bxh8 Kxg3 61. Be5+ Kf3 62. Kb4
g3 63. Bxg3 Kxg3 64. Kc5 Bb7 65. Bc6 Ba6 66. Bxd5 Kf4 67. Be6 Ke4 68. c8=Q
Bxc8 69. Bxc8 Kf4 70. d5 Ke5 71. d6 Kf6 72. Kc6 Ke5 73. Kc7 Kf6 74. d7 Kf7
75. d8=Q Kg7 76. Qe7+ { Black resigns } 1-0

[Event "ICC tourney 2350 (60 10)"]
[Site "Internet Chess Club"]
[Date "2021.01.31"]
[Round "5"]
[White "westo123"]
[Black "Chesscrusher28"]
[Result "0-1"]
[ICCResult "White resigns"]
[WhiteElo "1615"]
[BlackElo "1484"]
[Opening "Sicilian: closed"]
[ECO "B24"]
[NIC "SI.44"]
[Time "13:00:27"]
[PlyCount "130"]
[TimeControl "3600+10"]

1. e4 c5 2. Nc3 Nc6 3. g3 g6 4. Bg2 Bg7 5. f4 e6 6. Nf3 Nge7 7. O-O O-O 8.
d3 b6 9. Re1 Bb7 10. Be3 d5 11. exd5 Nxd5 12. Nxd5 exd5 13. d4 c4 14. c3
Ne7 15. g4 Re8 16. Qc2 Bc8 17. Bh3 h5 18. f5 hxg4 19. Bxg4 Nxf5 20. Bxf5
Bxf5 21. Qf2 Be4 22. Ng5 f6 23. Nh3 Qd7 24. Qg3 Qf7 25. Rf1 Bf5 26. Nf2 Re7
27. Rae1 Rae8 28. Nd1 Re4 29. Nf2 R4e6 30. Nd1 Qe7 31. Rf2 Re4 32. Rf4 Rxf4
33. Qxf4 Qe4 34. Qg3 Qg4 35. Rf1 Qxg3+ 36. hxg3 Bc2 37. Bf4 Bxd1 38. Rxd1
Re2 39. Rd2 Rxd2 40. Bxd2 Kf7 41. Kf2 Ke6 42. Kf3 Bf8 43. Bf4 Bd6 44. Be3
a6 45. g4 b5 46. Kg2 a5 47. a3 b4 48. a4 bxc3 49. bxc3 Ba3 50. g5 fxg5 51.
Bxg5 Bb2 52. Bd2 Kf5 53. Kf3 g5 54. Be1 g4+ 55. Ke3 Bc1+ 56. Ke2 Kf4 57.
Bh4 Bb2 58. Be1 g3 59. Kf1 Ke3 60. Bxg3 Kd3 61. Bc7 Bxc3 62. Bb6 Bb4 63.
Bc5 c3 64. Bxb4 axb4 65. Ke1 c2 { White resigns } 0-1

[Event "ICC tourney 2350 (60 10)"]
[Site "Internet Chess Club"]
[Date "2021.01.31"]
[Round "6"]
[White "Markss1420"]
[Black "DanielFridlyand"]
[Result "1/2-1/2"]
[ICCResult "Game drawn by repetition"]
[WhiteElo "2090"]
[BlackElo "1567"]
[Opening "Sicilian defense"]
[ECO "B20"]
[NIC "SI.48"]
[Time "16:00:29"]
[PlyCount "84"]
[TimeControl "3600+10"]

1. e4 c5 2. b3 Nc6 3. Bb2 e6 4. e5 d5 5. exd6 Qxd6 6. Nf3 Nd4 7. Nc3 Nf6 8.
Bb5+ Bd7 9. Bxd7+ Qxd7 10. O-O Be7 11. Nxd4 Qxd4 12. Qf3 Qd7 13. Rad1 O-O
14. Ne4 Nxe4 15. Qxe4 f5 16. Qe3 b6 17. d4 Rad8 18. Rfe1 Bf6 19. Qxe6+ Qxe6
20. Rxe6 cxd4 21. Rde1 Kf7 22. Rc6 Rfe8 23. Rc7+ Kg6 24. Rxe8 Rxe8 25. Kf1
d3 26. Bc1 Bb2 27. Be3 Bd4 28. cxd3 Bxe3 29. fxe3 Rxe3 30. d4 Rd3 31. Rd7
Rd2 32. a3 Kf6 33. d5 h5 34. d6 g6 35. h4 a5 36. Rd8 Ke6 37. Rg8 Kf7 38.
Rd8 Ke6 39. Rg8 Kf7 40. Rd8 Ke6 41. Rg8 Kf7 42. Rd8 Ke6 { Game drawn by
repetition } 1/2-1/2

[Event "ICC tourney 2350 (60 10)"]
[Site "Internet Chess Club"]
[Date "2021.01.31"]
[Round "6"]
[White "tcao"]
[Black "MCTS13"]
[Result "1/2-1/2"]
[ICCResult "Game drawn by repetition"]
[WhiteElo "2056"]
[BlackElo "2195"]
[Opening "Two knights defense (Modern bishop's opening)"]
[ECO "C55"]
[NIC "IG.01"]
[Time "16:00:10"]
[PlyCount "67"]
[TimeControl "3600+10"]

1. e4 e5 2. Nf3 Nc6 3. Bc4 Nf6 4. d3 Be7 5. O-O O-O 6. Nc3 d6 7. h3 Na5 8.
Bb3 Nxb3 9. axb3 Ne8 10. Nd5 f5 11. Nxe7+ Qxe7 12. Re1 Qf7 13. exf5 Bxf5
14. d4 Bxh3 15. gxh3 Qxf3 16. Qxf3 Rxf3 17. Kg2 Rf5 18. dxe5 Rxe5 19. Rxe5
dxe5 20. Ra5 e4 21. Re5 Nd6 22. Re7 Rc8 23. Bf4 b6 24. Bxd6 cxd6 25. c3 a5
26. Rxe4 Kf7 27. Rf4+ Ke6 28. Re4+ Kf6 29. Rf4+ Ke6 30. Re4+ Kd7 31. Rf4
Ke6 32. Re4+ Kf6 33. Rf4+ Ke6 34. Re4+ { Game drawn by repetition } 1/2-1/2

[Event "ICC tourney 2350 (60 10)"]
[Site "Internet Chess Club"]
[Date "2021.01.31"]
[Round "6"]
[White "saisneha"]
[Black "leavenotrace"]
[Result "1-0"]
[ICCResult "Black resigns"]
[WhiteElo "1927"]
[BlackElo "1614"]
[Opening "Bogo-Indian defense, Nimzovich variation"]
[ECO "E11"]
[NIC "QI.01"]
[Time "16:00:16"]
[PlyCount "45"]
[TimeControl "3600+10"]

1. d4 Nf6 2. c4 e6 3. Nf3 Bb4+ 4. Bd2 Qe7 5. g3 O-O 6. Bg2 d5 7. O-O Bxd2
8. Nbxd2 Ne4 9. Qc2 f5 10. Rac1 c6 11. e3 Nd7 12. Rfd1 g5 13. a3 Qg7 14. b4
b6 15. cxd5 cxd5 16. Qc6 Ndf6 17. Qxa8 Ng4 18. Rxc8 Rxc8 19. Qxc8+ Kf7 20.
Nxe4 fxe4 21. Qc7+ Kf6 22. Qxg7+ Kxg7 23. Nxg5 { Black resigns } 1-0

[Event "ICC tourney 2350 (60 10)"]
[Site "Internet Chess Club"]
[Date "2021.01.31"]
[Round "6"]
[White "aslanwang"]
[Black "geowhiz27"]
[Result "0-1"]
[ICCResult "White checkmated"]
[WhiteElo "1136"]
[BlackElo "1667"]
[Opening "QGD: 4.Nf3"]
[ECO "D37"]
[NIC "QO.14"]
[Time "16:00:43"]
[PlyCount "74"]
[TimeControl "3600+10"]

1. d4 Nf6 2. c4 e6 3. Nc3 d5 4. Nf3 Be7 5. Bg5 h6 6. Bxf6 Bxf6 7. e3 O-O 8.
cxd5 exd5 9. Bd3 c6 10. h3 Nd7 11. O-O Be7 12. Qc2 Bd6 13. e4 dxe4 14. Nxe4
Nf6 15. Nxf6+ Qxf6 16. Rfe1 Bxh3 17. Ne5 Bxe5 18. dxe5 Qg5 19. f4 Qg3 20.
Rf1 Bxg2 21. Qxg2 Qxd3 22. f5 Qd4+ 23. Rf2 Qxe5 24. f6 Qg5 25. Rf5 Qxg2+
26. Kxg2 gxf6 27. Rxf6 Kg7 28. Rf3 Rad8 29. Rg1 Rd6 30. Kh3+ Rg6 31. Re1 f6
32. Rd3 Kh7 33. Rd7+ Rg7 34. Rd3 Rfg8 35. Re2 Rg5 36. Rd7+ R8g7 37. Rd3
Rh5# { White checkmated } 0-1

[Event "ICC tourney 2350 (60 10)"]
[Site "Internet Chess Club"]
[Date "2021.01.31"]
[Round "6"]
[White "Yolobear"]
[Black "JDPower"]
[Result "1/2-1/2"]
[ICCResult "Game drawn by mutual agreement"]
[WhiteElo "1827"]
[BlackElo "1754"]
[Opening "King's Indian: 5.Nf3"]
[ECO "E90"]
[NIC "KI.22"]
[Time "16:00:36"]
[PlyCount "88"]
[TimeControl "3600+10"]

1. d4 Nf6 2. Nf3 g6 3. c4 Bg7 4. Nc3 d6 5. e4 Nbd7 6. Be2 O-O 7. Bg5 e5 8.
dxe5 dxe5 9. b4 c6 10. O-O Qc7 11. Qc1 Nb6 12. c5 Nbd7 13. Bh6 a5 14. Bxg7
Kxg7 15. a3 axb4 16. axb4 Rxa1 17. Qxa1 b6 18. Na4 bxc5 19. Nxc5 Nxc5 20.
bxc5 Nd7 21. Qc3 Re8 22. Rd1 Qa7 23. Rc1 f6 24. Nd2 Qc7 25. g3 Nf8 26. Nc4
Ne6 27. Nd6 Re7 28. Bd1 Nd4 29. Ra1 Nb5 30. Qa5 Qxa5 31. Rxa5 Nxd6 32. cxd6
Rb7 33. Ba4 Bd7 34. Ra6 c5 35. Bc6 Rb1+ 36. Kg2 Bxc6 37. Rxc6 Rd1 38. Rc7+
Kh6 39. Rxc5 Rxd6 40. Rc7 g5 41. Kf3 Kg6 42. h4 gxh4 43. gxh4 Rd3+ 44. Kg2
h5 { Game drawn by mutual agreement } 1/2-1/2

[Event "ICC tourney 2350 (60 10)"]
[Site "Internet Chess Club"]
[Date "2021.01.31"]
[Round "6"]
[White "justinchess"]
[Black "coolsportsguy"]
[Result "1-0"]
[ICCResult "Black resigns"]
[WhiteElo "2361"]
[BlackElo "2330"]
[Opening "QGD semi-Slav: Stoltz variation"]
[ECO "D45"]
[NIC "SL.08"]
[Time "16:01:00"]
[PlyCount "91"]
[TimeControl "3600+10"]

1. Nf3 d5 2. d4 Nf6 3. c4 e6 4. Nc3 c6 5. e3 Nbd7 6. Qc2 Bd6 7. b3 O-O 8.
Be2 e5 9. cxd5 cxd5 10. Nb5 Bb4+ 11. Bd2 Bxd2+ 12. Nxd2 a6 13. dxe5 Nxe5
14. Nd4 Bg4 15. Bxg4 Nfxg4 16. O-O Rc8 17. Qf5 g6 18. Qf4 h5 19. h3 Nd3 20.
Qg3 Nge5 21. N2f3 Qf6 22. Rad1 Rfd8 23. Rd2 Nxf3+ 24. Qxf3 Qxf3 25. Nxf3
Nc5 26. Rc1 Ne4 27. Rdc2 Nd6 28. Kf1 Kf8 29. Ke2 Rxc2+ 30. Rxc2 Rc8 31.
Rxc8+ Nxc8 32. Kd3 Nd6 33. Kd4 Ne4 34. Kxd5 Nxf2 35. Kc5 Nd1 36. Kb6 Nxe3
37. Kxb7 a5 38. a4 Nxg2 39. b4 g5 40. bxa5 g4 41. hxg4 hxg4 42. Ng1 Nf4 43.
a6 Ne6 44. a7 Nc5+ 45. Kc6 Nxa4 46. a8=Q+ { Black resigns } 1-0